 Dungeon Sprint DCSS version 0.30-a0-799-g109b55a442 (webtiles) character file.

Game seed: 12229827043863300449

281 PLAYERX the Spear-Bearer (level 6, -1/49 HPs)
             Began as a Gnoll Wanderer on Feb 20, 2023.
             Slain by a merfolk
             ... wielding a +0 trident
              (12 damage)
             ... in the Dungeon (Sprint VII: "The Pits").
             The game lasted 00:03:09 (327 turns).

PLAYERX the Spear-Bearer (Gnoll Wanderer)            Turns: 327, Time: 00:03:10

Health: -1/49      AC: 14    Str: 10    XL:     6   Next: 27%
Magic:  12/12      EV:  3    Int: 11    God:
Gold:   0          SH:  0    Dex: 15    Spells: 14/14 levels left

rFire   . . .      SeeInvis .    a - +2 trident
rCold   . . .      Faith    .    (no shield)
rNeg    . . .      Spirit   .    b - +2 plate armour
rPois   .          Reflect  .    (no helmet)
rElec   .          Harm     .    (no cloak)
rCorr   .          Rampage  .    (no gloves)
Will    .....      NoTele   +    (no boots) Stlth
                                 (no amulet)
HPRegen 0.28/turn                (no ring)
MPRegen 0.13/turn                (no ring)

@: no status effects
A: fangs 1, strong nose, distributed training
a: no special abilities


You were in the Dungeon.
You visited 1 branch

Inventory:

Hand Weapons
 a - a +2 trident (weapon)
Missiles
 c - 9 poisoned darts (quivered)
Armour
 b - a +2 plate armour (worn)
Scrolls
 d - 5 scrolls of amnesia
 e - a scroll of fear
 l - a scroll of blinking
 m - a scroll of butterflies
Potions
 g - 6 potions of curing
 h - 6 potions of heal wounds
 i - a potion of haste
 j - 4 potions of magic
 k - 2 potions of berserk rage
 n - 2 potions of invisibility


   Skills:
 + Level 4.5 Fighting
 + Level 4.5 Short Blades
 + Level 4.5 Long Blades
 + Level 4.5 Axes
 + Level 4.5 Maces & Flails
 + Level 11.3 Polearms
 + Level 5.2 Staves
 + Level 4.5 Ranged Weapons
 + Level 6.5 Throwing
 + Level 5.2 Armour
 + Level 5.2 Dodging
 + Level 4.5 Stealth
 + Level 4.5 Shields
 + Level 4.5 Unarmed Combat
 + Level 4.5 Spellcasting
 + Level 3.7 Conjurations
 + Level 3.7 Hexes
 + Level 3.7 Summonings
 + Level 3.7 Necromancy
 + Level 3.7 Translocations
 + Level 3.7 Transmutations
 + Level 3.7 Fire Magic
 + Level 3.7 Ice Magic
 + Level 3.7 Air Magic
 + Level 3.7 Earth Magic
 + Level 3.7 Poison Magic
 + Level 5.0 Invocations
 + Level 4.5 Evocations


You had 14 spell levels left.
You didn't know any spells.
Your spell library was empty.

Dungeon Overview and Level Annotations

Branches:
Dungeon (1/1)

Altars:


Innate Abilities, Weirdness & Mutations

You have very sharp teeth.
Your uncanny sense of smell can sniff out nearby items.
Your experience applies equally to all skills.


Message History

The bat hits you but does no damage.
You reach to attack!
You puncture the bat!
You kill the bat!
No target in view!
No target in view!
Items here: ) †††.
You start resting.
HP restored.
You start resting.
You feel yourself speed up.
You start waiting.
You recover from your berserk rage.
You open the door.
An endoplasm comes into view.
The endoplasm quivers.
You puncture the endoplasm!
You kill the endoplasm!
There is an open door here.
You open the door.
A merfolk comes into view. It is wielding a +0 trident.
The merfolk shouts!
The merfolk hits you but does no damage.
The merfolk hits you but does no damage.
There is an open door here.
You hit the merfolk.
The merfolk is lightly wounded.
The merfolk hits you with a +0 trident!
You hit the merfolk.
The merfolk is lightly wounded.
The merfolk hits you with a +0 trident!
You closely miss the merfolk.
The merfolk is lightly wounded.
The merfolk hits you with a +0 trident!!
* * * LOW HITPOINT WARNING * * *
You hit the merfolk.
The merfolk is lightly wounded.
You barely miss the merfolk.
The merfolk is lightly wounded.
The merfolk hits you with a +0 trident!
You die...

#.#.†'.)))[##.......#
#.#..#.)))[##.......#
#)###########.......#
#)).....# #########
#)......# #...#...#
∆∆∆∆ #..###..#+# ∆∆
#...#...#m+ ∆∆
#.......#@# ∆∆
#.......'.# ∆
###########


You could see a merfolk.

Vanquished Creatures
  A gnoll sergeant (D)
  2 scorpions (D)
  A hound (D)
  An iguana (D)
  3 gnolls (D)
  A ball python (D)
  4 endoplasms (D)
  A giant cockroach (D)
  A goblin (D)
  2 quokkas (D)
  A bat (D)
  A frilled lizard (D)
19 creatures vanquished.

Notes
Turn   | Place    | Note
-------+----------+-------------------------------------------
     0 | D        | Reached skill level 10 in Polearms
     0 | D        | PLAYERX the Gnoll Wanderer began the quest for the Orb.
     0 | D        | PLAYERX set off with the following items: a +2 spear, a +0
                  | quarterstaff, 9 poisoned darts, a +0 dagger, a scroll of
                  | fear, a +0 robe, a potion of curing, a potion of heal
                  | wounds, a potion of haste, 2 potions of magic, a potion of
                  | berserk rage, a scroll of blinking.
     0 | D        | Reached XP level 1. HP: 13/13 MP: 1/1
   105 | D        | Reached skill level 1 in Invocations
   108 | D        | Reached skill level 1 in Fighting
   108 | D        | Reached skill level 1 in Short Blades
   108 | D        | Reached skill level 1 in Long Blades
   108 | D        | Reached skill level 1 in Axes
   108 | D        | Reached skill level 1 in Maces & Flails
   108 | D        | Reached skill level 1 in Ranged Weapons
   108 | D        | Reached skill level 1 in Stealth
   108 | D        | Reached skill level 1 in Shields
   108 | D        | Reached skill level 1 in Unarmed Combat
   108 | D        | Reached skill level 1 in Spellcasting
   108 | D        | Reached skill level 1 in Evocations
   111 | D        | Noticed a scorpion
   113 | D        | Reached XP level 2. HP: 21/21 MP: 3/3
   116 | D        | Killed a scorpion
   117 | D        | Reached skill level 5 in Throwing
   117 | D        | Reached XP level 3. HP: 20/28 MP: 3/6
   117 | D        | Reached XP level 4. HP: 25/34 MP: 3/7
   253 | D        | Noticed a gnoll sergeant
   261 | D        | Killed a gnoll sergeant
   262 | D        | Reached skill level 11 in Polearms
   262 | D        | Reached XP level 5. HP: 41/41 MP: 7/10
   274 | D        | Reached skill level 5 in Staves
   274 | D        | Reached skill level 5 in Armour
   274 | D        | Reached skill level 5 in Dodging
   278 | D        | Reached skill level 5 in Invocations
   278 | D        | Reached XP level 6. HP: 42/49 MP: 8/12
   321 | D        | Noticed a merfolk
   327 | D        | Slain by a merfolk

Illustrated notes

Levels and vault maps discovered:
D:        pitsprint [storerooms_1, entrance_room_1, metal_vault_3, armoury_2,
          mini_pit_1, grid_room_1, main_hall_1, silver_pit, the_coven_3,
          the_vestibule_1, steel_vault_2, golden_pit, hallway_of_sentries,
          crystal_vault_1, iron_vault_4, final_vault]

Skill      XL: |  1  2  3  4  5 |
---------------+----------------+-----
Polearms       | 11 | 11.3
Invocations    | 1 2 3 5 |  5.0
Fighting       | 1 2 3 4 |  4.5
Short Blades   | 1 2 3 4 |  4.5
Long Blades    | 1 2 3 4 |  4.5
Axes           | 1 2 3 4 |  4.5
Maces & Flails | 1 2 3 4 |  4.5
Ranged Weapons | 1 2 3 4 |  4.5
Stealth        | 1 2 3 4 |  4.5
Shields        | 1 2 3 4 |  4.5
Unarmed Combat | 1 2 3 4 |  4.5
Spellcasting   | 1 2 3 4 |  4.5
Evocations     | 1 2 3 4 |  4.5
Staves         | 3 4 5 |  5.2
Throwing       | 5 6 |  6.5
Armour         | 3 4 5 |  5.2
Dodging        | 3 4 5 |  5.2
Conjurations   | 2 3 |  3.7
Hexes          | 2 3 |  3.7
Summonings     | 2 3 |  3.7
Necromancy     | 2 3 |  3.7
Translocations | 2 3 |  3.7
Transmutations | 2 3 |  3.7
Fire Magic     | 2 3 |  3.7
Ice Magic      | 2 3 |  3.7
Air Magic      | 2 3 |  3.7
Earth Magic    | 2 3 |  3.7
Poison Magic   | 2 3 |  3.7

Action                     |  1- 3 |  4- 6 || total
---------------------------+-------+-------++-------
  Melee: Trident           |     8 |    36 ||    44
         Spear             |     1 |       ||     1
         Bite              |       |     3 ||     3
         Punch             |       |     1 ||     1
    Use: Potion            |       |     1 ||     1
   Stab: Sleeping          |     2 |       ||     2
 Armour: Robe              |     3 |     1 ||     4
         Plate armour      |       |    24 ||    24
  Dodge: Dodged            |     2 |     5 ||     7

Table legend: (Time is in decaauts)
 A = Elapsed time spent in this place.
 B = Non-inter-level travel time spent in this place.
 C = Inter-level travel time spent in this place.
 D = Time resting spent in this place.
 E = Time spent auto-exploring this place.
 F = Levels seen in this place.
 G = Mean time per level.
                   A        B        C        D        E       F      G
               +--------+--------+--------+--------+--------+-----+--------+
         Total |    320 |    320 |      0 |     94 |      0 |   1 |  320.0 |
       Dungeon |    320 |    320 |      0 |     94 |      0 |   1 |  320.0 |
               +--------+--------+--------+--------+--------+-----+--------+

Top non-repeatable levels by time:
       D: 320 daAuts
